General information
- name: BNet
- type: Ladder 1vs1/FFA
- host: Battle.net
- saver: Temple-Of-Nod
map: SecretValley
- players: 2
- length: 20:31
- speed: Fast
- version: 1.23 W3XP
- replay type: Public
» download(103 KB)
Players
team 1 (loser)
Re.WondeR (
teal | 177 APM | 3628 actions | 20:30)
4 Beastmaster
2 Summon Quilbeast
2 Summon Hawk
3 Firelord
2 Summon Lava Spawn
1 Incinerate
» actions
| Assign group hotkey | 104 | |
| Basic commands | 313 | |
| Build / train | 97 | |
| Enter build submenu | 13 | |
| Enter hero's abilities submenu | 8 | |
| Give item / drop item | 1 | |
| Right click | 1520 | |
| Select / deselect | 558 | |
| Select group hotkey | 921 | |
| Use ability | 93 | |
3628 total
» units
| Wisp | 12 | |
| Archer | 33 | |
| Druid of the Talon | 23 | |
68 total
» upgrades
» buildings
| Moon Well | 6 | |
| Ancient of War | 1 | |
| Altar of Elders | 2 | |
| Tree of Ages | 2 | |
| Ancient of Wind | 1 | |
| Ancient of Wonders | 2 | |
14 total
» build order
00:10 Moon Well
00:18 Ancient of War
01:13 Altar of Elders
01:16 Altar of Elders
01:21 Moon Well
02:34 Moon Well
03:46 Tree of Ages
03:46 Tree of Ages
04:20 Moon Well
06:14 Ancient of Wind
06:17 Ancient of Wonders
06:18 Moon Well
06:23 Moon Well
14:28 Ancient of Wonders
» items
| Scroll of Healing | 12 | |
| Potion of Lesser Invulnerability | 2 | |
14 total
team 2 (winner)
Temple-Of-Nod (
purple | 151 APM | 3108 actions | 20:31)
5 Blademaster
2 Wind Walk
3 Critical Strike
5 Tauren Chieftain
3 Shockwave
2 Endurance Aura
» actions
| Assign group hotkey | 37 | |
| Basic commands | 2 | |
| Build / train | 92 | |
| ESC pressed | 1 | |
| Enter build submenu | 10 | |
| Enter hero's abilities submenu | 14 | |
| Give item / drop item | 2 | |
| Right click | 1697 | |
| Select / deselect | 636 | |
| Select group hotkey | 359 | |
| Use ability | 258 | |
3108 total
» units
| Peon | 11 | |
| Grunt | 12 | |
| Raider | 12 | |
| Spirit Walker | 9 | |
44 total
» upgrades
| Ensnare | 1 | |
| Spirit Walker Training | 1 | |
| Berserker Strength | 1 | |
3 total
» buildings
| Altar of Storms | 1 | |
| Orc Burrow | 5 | |
| Barracks | 1 | |
| Voodoo Lounge | 1 | |
| Stronghold | 2 | |
| Beastiary | 1 | |
| Spirit Lodge | 1 | |
12 total
» build order
00:06 Altar of Storms
00:14 Orc Burrow
00:36 Barracks
01:40 Orc Burrow
01:50 Voodoo Lounge
03:03 Stronghold
03:03 Stronghold
04:21 Orc Burrow
05:37 Beastiary
05:38 Spirit Lodge
08:08 Orc Burrow
13:09 Orc Burrow
» items
| Circlet of Nobility | 1 | |
| Dust of Appearance | 2 | |
| Boots of Speed | 1 | |
| Healing Salve | 7 | |
| Scroll of Speed | 1 | |
| Lesser Clarity Potion | 3 | |
| Potion of Healing | 6 | |
| Scroll of Healing | 3 | |
| Potion of Mana | 2 | |
| Potion of Lesser Invulnerability | 2 | |
28 total
Chat log
(00:17 / All) Re.WondeR: sup
(00:20 / All) Temple-Of-Nod: sup
(00:48 / All) Re.WondeR: gl hf
(00:50 / All) Re.WondeR: btw
(00:52 / All) Temple-Of-Nod: gl
(00:55 / All) Temple-Of-Nod: i hate school internet
(00:55 / All) Temple-Of-Nod: tt
(00:57 / All) Re.WondeR: ty
(01:05 / All) Re.WondeR: lol
(17:46 / All) Temple-Of-Nod: intesnse gamel ol
(20:28 / All) Re.WondeR: lol
(20:29 / All) Re.WondeR: gg